 Dungeon Crawl Stone Soup version 0.29.1-13-g9f3cf754e1 (webtiles) character file.

Game seed: 10624128728865922256

581 McKennaii the Trooper (level 6, -4/57 HPs)
             Began as a Demigod Fighter on Feb 5, 2023.
             Slain by a killer bee (7 damage)
             ... on level 4 of the Dungeon.
             The game lasted 00:07:25 (4952 turns).

McKennaii the Trooper (Demigod Fighter)             Turns: 4952, Time: 00:07:26

Health: -4/57      AC: 11    Str: 25    XL:     6   Next: 90%
Magic:  8/8        EV:  7    Int: 10    God:
Gold:   151        SH:  5    Dex: 15    Spells: 5/5 levels left

rFire   . . .      SeeInvis .   a - +0 long sword
rCold   . . .      Faith    .   c - +0 buckler
rNeg    . . .      Spirit   .   d - +0 plate armour
rPois   .          Reflect  .   (no helmet)
rElec   .          Harm     .   (no cloak)
rCorr   .          Rampage  .   (no gloves)
Will    .....                   (no boots)
Stlth   ..........              (no amulet)
HPRegen 0.19/turn               (no ring)
MPRegen 0.11/turn               (no ring)

@: lethally poisoned (-4 -> -8), attractive, studying Fighting
A: high MP 1, forlorn, divine attributes, claws 1, thin skeletal structure 1,
evolution 1, inability to read after injury 1, MP-powered wands
a: no special abilities


You were on level 4 of the Dungeon.
You visited 1 branch of the dungeon, and saw 5 of its levels.

You collected 193 gold pieces.
You spent 42 gold pieces at shops.

Inventory:

Hand Weapons
 a - a +0 long sword (weapon)
Armour
 c - a +0 buckler (worn)
 d - a +0 plate armour (worn)
Wands
 f - a wand of digging (3)
Scrolls
 j - 2 scrolls of identify
 k - a scroll of enchant armour {unknown}
 m - a scroll of poison
Potions
 b - a potion of magic


   Skills:
 + Level 5.7 Fighting
 + Level 4.3 Long Blades
 - Level 3.7 Armour
 + Level 2.7 Dodging
 - Level 2.6 Shields


You had 5 spell levels left.
You didn't know any spells.
Your spell library contained the following spells:

 Spells                   Type           Power      Damage    Failure   Level
 Magic Dart               Conj           0%         1d3       100%        1
 Searing Ray              Conj           0%         2d4       100%        2
 Fulminant Prism          Conj/Hex       0%         3d6       100%        4


Dungeon Overview and Level Annotations

Branches:
Dungeon (5/15)             Temple (0/1) D:4

Shops:
D:2 (!(*   D:3 [[


Innate Abilities, Weirdness & Mutations

You have an increased reservoir of magic. (+10% MP)
You shall have no god before yourself.
Your divine heritage dramatically boosts your attributes as you level up.
You have sharp fingernails.
You have a somewhat thin skeletal structure. (Dex +2, Stealth+)
You have hidden genetic potential.
You occasionally lose the ability to read scrolls when taking damage.
You expend magic power (3 MP) to strengthen your wands.


Message History

The killer bee stings you. x2
You are more poisoned.
The killer bee poisons you!
You climb upwards.
You feel very sick.
There is a stone staircase leading down here.
You miss the killer bee.
You feel sick.
The killer bee stings you but does no damage.
The killer bee barely misses you. The killer bee closely misses you.
Unknown command.
You miss the killer bee.
You feel sick. You block the killer bee's attack.
The killer bee stings you but does no damage.
Unknown command.
You hit the killer bee.
The killer bee is moderately wounded.
You feel sick. The killer bee stings you. The killer bee closely misses you.
The killer bee stings you but does no damage.
You slash the killer bee!
The killer bee is almost dead.
You feel sick. The killer bee stings you.
* * * LOW HITPOINT WARNING * * *
The killer bee stings you but does no damage.
You hit the killer bee.
The killer bee is almost dead.
You feel sick. The killer bee stings you.
* * * LOW HITPOINT WARNING * * *
You are more poisoned.
The killer bee poisons you! You block the killer bee's attack.
The killer bee stings you.
* * * LOW HITPOINT WARNING * * *
It was a potion of attraction.
You feel attractive to monsters.
* * * LOW HITPOINT WARNING * * *
You feel sick. The killer bee closely misses you.
The killer bee stings you but does no damage.
You closely miss the killer bee.
The killer bee is almost dead.
* * * LOW HITPOINT WARNING * * *
You feel sick. The killer bee stings you!
You die...

#..#~~~~#.# ###.
#..#~~~~#.##### #.
#..######.....## #.
#.........##.#.## #.
#..###.####.###.## #.
##.# #.###.## ##.## #.
#.# #....## ##.# ##.
#.#######.## ##.## ##..
#..[<..y@..###.<######.#.
###########.#.#.........<
##.#########.## ### ##..
###


You could see a killer bee.

Vanquished Creatures
  Eustachio (D:4)
  A phantom (D:3)
  A scorpion (D:4)
  2 killer bees (D:4)
  An orc priest (D:4)
  An iguana (D:5)
  An orc wizard (D:4)
  3 adders
  3 river rats (D:4)
  2 worms (D:2)
  3 orcs (D:4)
  6 bats
  8 endoplasms
  4 giant cockroaches
  7 goblins
  12 hobgoblins
  7 ball pythons
  4 frilled lizards
  10 rats
77 creatures vanquished.

Notes
Turn   | Place    | Note
-------+----------+-------------------------------------------
     0 | D:1      | McKennaii the Demigod Fighter began the quest for the Orb.
     0 | D:1      | Reached XP level 1. HP: 18/18 MP: 3/3
   200 | D:1      | Reached XP level 2. HP: 25/25 MP: 4/4
   351 | D:1      | Reached skill level 3 in Fighting
   864 | D:2      | Found Zeyd Buc's Distillery.
  1015 | D:2      | Found Desost's Weapon Shoppe.
  1129 | D:2      | Found Peera's Weapon Emporium.
  1153 | D:2      | Found Ydifyg's Assorted Antiques.
  1165 | D:2      | Reached XP level 3. HP: 25/31 MP: 5/5
  1232 | D:2      | Bought a scroll labelled BIOWNO VEMEAM for 21 gold pieces
  1232 | D:2      | Bought a scroll labelled GUFOGY IPRAMANE for 21 gold pieces
  1866 | D:3      | Noticed a phantom
  1868 | D:3      | Found Akhemut's Armour Emporium.
  1889 | D:3      | Killed a phantom
  1890 | D:3      | Reached XP level 4. HP: 20/39 MP: 6/6
  2421 | D:3      | Identified the +1 leather armour "Mockyu" {rElec}
  2636 | D:3      | Found Mikhe's Armour Boutique.
  2694 | D:4      | Found a glowing drain.
  2787 | D:4      | Identified a scroll of acquirement
  2787 | D:4      | Acquired a manual of Fighting
  2846 | D:4      | Reached skill level 4 in Fighting
  2846 | D:4      | Reached XP level 5. HP: 12/46 MP: 7/7
  2869 | D:4      | Reached skill level 1 in Dodging
  3168 | D:4      | Found a staircase to the Ecumenical Temple.
  3939 | D:5      | Entered Level 5 of the Dungeon
  3945 | D:4      | Gained mutation: You have hidden genetic potential. [potion
                  | of mutation]
  3945 | D:4      | Gained mutation: You have sharp fingernails. [potion of
                  | mutation]
  3945 | D:4      | Gained mutation: You occasionally lose the ability to read
                  | scrolls when taking damage. [potion of mutation]
  3945 | D:4      | Gained mutation: You expend magic power (3 MP) to
                  | strengthen your wands. [potion of mutation]
  3963 | D:4      | Reached XP level 6. HP: 22/55 MP: 8/8
  4236 | D:5      | Noticed Eustachio
  4246 | D:4      | Reached skill level 5 in Fighting
  4836 | D:4      | Killed Eustachio
  4838 | D:4      | Gained mutation: You have a somewhat thin skeletal
                  | structure. (Dex +2, Stealth+) [hidden potential]
  4952 | D:4      | Slain by a killer bee

Illustrated notes

Levels and vault maps discovered:
D:1:      minmay_arrival_split_and_join, layout_basic,
          hellmonk_ecumenical_altar_crossroads, glass_columns_a
D:2:      layout_basic, serial_shops, shop, nicolae_lakefront_shop, shop,
          shop_fountains
D:3:      layout_loops_cross, serial_shops,
          nicolae_shop_competitors_out_of_business,
          nicolae_shop_window_shopping, minmay_crystal_room,
          minmay_fountain_box, st_stairs_9
D:4:      layout_loops_ring, lemuel_temple_firewalk_a, portal_sewer_entry_c
D:5:      layout_gridville, nicolae_uskayaw_murder_on_the_dancefloor,
          general_overflow_altar, minmay_stone_trees_small, minivault_24,
          uniq_duvessa, uniq_edmund, uniq_eustachio

Skill      XL: |  1  2  3  4  5  6 |
---------------+-------------------+-----
Long Blades    | 2 3 4 |  4.3
Fighting       | 3 4 5 |  5.7
Armour         | 3 |  3.7
Dodging        | 1 2 |  2.7
Shields        | |  2.6

Action                   |  1- 3 |  4- 6 || total
-------------------------+-------+-------++-------
Melee: Long sword        |   145 |   206 ||   351
  Use: Scroll            |       |     7 ||     7
       Potion            |       |     9 ||     9
Armor: Scale mail        |    78 |    16 ||    94
       Leather armour    |       |    10 ||    10
       Plate armour      |       |    74 ||    74
       Skin              |       |    22 ||    22
Dodge: Dodged            |    80 |    99 ||   179
Block: Buckler           |    37 |    58 ||    95
